AoeStats
← mryendl2410

Arena

509252435Analyzed
2v2 RM · 7d ago on Sep 26, 2026· 14m 59s· 4 players
Game mode
Random Map
Map size
Medium (4 player)
Population
200
Speed
Normal
Resources
Standard
Victory
Conquest
Starting age
Dark Age
Ending age
Imperial Age
RankedLock teamsTeams togetherTeam positionsShared explorationLock speedFull tech treeHidden civsTurbo modeCheats
Victory
Defeat
🇺🇸 Ethiopians · United States
1458
+15
🇺🇸 Burgundians · United States
1436
+15
🇻🇳 Goths · Vietnam
1432
-15
🇲🇽 Byzantines · Mexico
1423
-15
alanfer1023
7:30 Loom
11:59 Feudal Age
13:14 Double-Bit Axe
15:49 Castle Age
13:37 Horse Collar
14:18 Gold Mining
mryendl2410
11:29 Feudal Age
Camoanimal
11:12 Feudal Age
16:00 Castle Age
14:34 Double-Bit Axe
14:32 Horse Collar
PrestoBeast4034
10:24 Feudal Age
14:02 Castle Age
11:59 Double-Bit Axe
12:27 Horse Collar
15:01 Bow Saw
Connection lost

Rejoining the realm…

Still unreachable

The connection could not be restored.

Session expired

The server has moved on; the page needs a fresh start.